AoeStats
← Kaiser Ze

Pilgrims

509312704Analyzed
4v4 RM · 6d ago on Sep 26, 2026· 44m 52s· 8 players
Game mode
Random Map
Map size
Large (8 player)
Population
200
Speed
Normal
Resources
Standard
Victory
Conquest
Starting age
Dark Age
Ending age
Imperial Age
RankedLock teamsTeams togetherTeam positionsShared explorationLock speedFull tech treeHidden civsTurbo modeCheats
Victory
Defeat
🇨🇳 Persians · China
1514
+14
🇨🇳 Romans · China
1482
+16
🇨🇳 Japanese · China
1446
+17
1434
+18
🇦🇷 Koreans · Argentina
1603
-21
1466
-16
🇨🇳 Bengalis · China
1433
-15
🇦🇺 Mongols · Australia
1390
-13
oy
4:17 Loom
11:45 Feudal Age
15:52 Castle Age
14:13 Double-Bit Axe
14:49 Fishing Lines
16:13 Forging
16:03 Scale Mail Armor
15:59 Man-at-Arms
16:28 Pikeman
17:37 Bow Saw
17:26 Gillnets
18:40 Long Swordsman
20:04 Horse Collar
26:08 Heavy Plow
27:52 Wheelbarrow
30:43 Chain Mail Armor
31:04 Iron Casting
31:20 Hand Cart
31:49 Town Watch
36:18 Imperial Age
33:51 Town Patrol
33:46 Gold Mining
35:25 Gold Shaft Mining
34:58 Squires
37:25 Stone Mining
37:10 Legionary
37:11 Halberdier
38:30 Crop Rotation
39:31 Blast Furnace
39:41 Capped Ram
42:04 Conscription
42:05 Comitatenses
41:30 Siege Ram
43:16 Caravan
=腌鱼小生
5:36 Loom
12:39 Feudal Age
13:19 Fishing Lines
13:27 Double-Bit Axe
16:08 Castle Age
15:06 Scale Barding Armor
15:11 Forging
14:45 Horse Collar
15:51 Bloodlines
15:57 Gold Mining
17:27 Bow Saw
18:04 Chain Barding Armor
22:40 Husbandry
27:36 Wheelbarrow
29:56 Iron Casting
34:53 Imperial Age
32:38 Hand Cart
34:06 Gold Shaft Mining
34:35 Cavalier
35:51 Plate Barding Armor
36:16 Blast Furnace
36:13 Stone Mining
36:26 Heavy Plow
36:12 Savar
38:40 Coinage
42:47 Light Cavalry
种田摸鱼
5:10 Loom
15:13 Feudal Age
15:42 Fishing Lines
20:58 Castle Age
19:29 Fletching
22:39 Medium Warships
26:00 Double-Bit Axe
28:57 Bodkin Arrow
32:00 Husbandry
33:35 Elite Skirmisher
42:01 Clinker Construction
42:02 Careening
42:25 Gold Mining
42:25 Stone Mining
曾经沧海难为水
11:37 Feudal Age
12:03 Double-Bit Axe
19:28 Horse Collar
24:46 Castle Age
23:27 Loom
24:20 Wheelbarrow
24:37 Scale Barding Armor
24:43 Forging
25:39 Scale Mail Armor
26:01 Chain Barding Armor
25:56 Gold Mining
26:10 Heavy Plow
28:03 Husbandry
28:13 Bloodlines
29:33 Bloodlines
30:34 Iron Casting
40:17 Bow Saw
43:03 Imperial Age
40:52 Hand Cart
40:23 Town Watch
40:56 Guard Tower
41:59 Stone Mining
44:20 Keep
Damir
3:48 Loom
12:52 Feudal Age
13:34 Double-Bit Axe
21:45 Castle Age
22:50 Bow Saw
39:50 Horse Collar
42:27 Fletching
你可以打我队友吗
4:55 Loom
10:28 Feudal Age
11:54 Double-Bit Axe
14:26 Castle Age
13:08 Stone Mining
13:11 Gold Mining
13:10 Fishing Lines
13:35 Fletching
14:31 Town Watch
15:13 Bodkin Arrow
15:26 Gillnets
18:36 Gold Shaft Mining
18:22 Bow Saw
19:43 Scale Mail Armor
19:54 Forging
20:06 Squires
19:52 Arson
22:41 Wheelbarrow
31:14 Imperial Age
30:53 Chain Mail Armor
31:14 Iron Casting
32:17 Hand Cart
31:45 Horse Collar
31:57 Stone Mining
33:16 Conscription
32:36 Elite Varangian Guard
34:04 Pikeman
35:40 Clinker Construction
36:31 Chemistry
35:52 Ballistics
37:06 Town Patrol
37:47 Halberdier
38:59 Plate Mail Armor
39:18 Hamask
40:58 Masonry
41:19 Carvel Hull
42:49 Capped Ram
Kaiser Ze
5:11 Loom
11:06 Feudal Age
11:32 Fishing Lines
12:35 Gold Mining
12:30 Double-Bit Axe
16:09 Wheelbarrow
21:44 Castle Age
20:41 Fletching
22:37 Medium Warships
22:18 Gillnets
25:12 Hand Cart
29:17 Imperial Age
26:37 Town Watch
27:03 Forging
26:58 Scale Barding Armor
28:30 Town Patrol
30:04 Iron Casting
29:49 Chain Barding Armor
29:43 Bodkin Arrow
29:49 Padded Archer Armor
32:06 Chemistry
34:15 Leather Archer Armor
39:17 Elite Skirmisher
39:28 Elite Elephant Archer
iAlejandrouae
4:35 Loom
11:56 Feudal Age
13:16 Town Watch
17:19 Castle Age
17:12 Double-Bit Axe
18:13 Bow Saw
18:58 Fletching
19:41 Fishing Lines
21:01 Wheelbarrow
22:29 Gillnets
26:56 Wheelbarrow
28:41 Horse Collar
34:16 Bodkin Arrow
38:18 Hand Cart
44:08 Ballistics
44:17 Murder Holes
Connection lost

Rejoining the realm…

Still unreachable

The connection could not be restored.

Session expired

The server has moved on; the page needs a fresh start.